Map: World of Sleepers LE

Players

Trap

  • Race: Protoss Protoss
  • Spawn Location: 1:00

Reynor - Winner!

  • Race: Zerg Zerg
  • Spawn Location: 7:00

Event: 2019 WCS Global FInals

VOD

Have the link to the VOD?

Description

Time

  • Played on: Nov. 1, 2019, 5:48 p.m.
  • Length: 14:00

All games in this series

Show
View Real Time Build Order
Export as new Build Order

Trap Protoss 

Build Orders: 1 Gate Expand, Oracle Opening, Phoenix Opening, Archon Immortal 

Get SALT Encoding   

  12  0:00  Probe  
  13  0:12  Probe  
  14  0:18  Pylon  
  14  0:24  Probe (Chrono Boost)  
  15  0:37  Probe (Chrono Boost)  
  16  0:45  Gateway, Probe (Chrono Boost)  
  16  0:48  Assimilator  
  17  0:51  Probe  
  18  1:03  Probe  
  19  1:15  Probe  
  20  1:23  Nexus  
  20  1:33  Cybernetics Core  
  20  1:36  Probe  
  21  1:42  Assimilator  
  21  1:48  Probe  
  21  1:52  Pylon  
  22  2:00  Probe  
  23  2:07  Adept (Chrono Boost)  
  23  2:12  Probe  
  26  2:15  Stargate  
  26  2:24  Warp Gate  
  26  2:25  Probe (Chrono Boost)  
  27  2:30  Adept  
  27  2:35  Probe (Chrono Boost)  
  31  2:43  Probe (Chrono Boost)  
  32  2:45  Probe (Chrono Boost)  
  32  2:49  Probe (Chrono Boost)  
  32  2:50  Probe (Chrono Boost)  
  33  2:58  Phoenix (Chrono Boost)  
  34  3:01  Probe  
  34  3:03  Probe  
  38  3:08  Pylon  
  38  3:12  Oracle (Chrono Boost)  
  38  3:13  Probe  
  38  3:16  Probe  
  43  3:25  Gateway, Probe  
  44  3:28  Probe  
  44  3:31  Assimilator  
  45  3:35  Assimilator  
  45  3:37  Probe  
  45  3:39  Oracle (Chrono Boost)  
  45  3:40  Probe  
  47  3:47  Pylon  
  50  3:50  Probe  
  50  3:52  Probe  
  52  3:58  Shield Battery  
  52  4:03  Probe  
  52  4:04  Robotics Facility, Probe  
  54  4:12  Adept  
  54  4:13  Pylon  
  54  4:16  Oracle (Chrono Boost)  
  56  4:24  Adept  
  61  4:25  Probe  
  61  4:31  Probe  
  63  4:43  Gateway x2  
  63  4:45  Sentry x2  
  67  4:53  Pylon  
  67  4:54  Immortal (Chrono Boost)  
  70  5:09  Nexus  
  70  5:10  Pylon  
  70  5:13  Pylon, Probe x2  
  72  5:16  Sentry x2  
  76  5:26  Observer  
  78  5:28  Probe x2  
  79  5:38  Shield Battery  
  79  5:39  Zealot  
  79  5:40  Shield Battery, Zealot  
  83  5:43  Pylon  
  83  5:49  Shield Battery  
  83  5:52  Twilight Council, Probe x2  
  83  5:55  Forge  
  85  6:05  Gateway, Pylon  
  85  6:06  Probe x2 (Chrono Boost)  
  85  6:09  Gateway  
  93  6:18  Immortal, Probe x2 (Chrono Boost)  
  95  6:25  Probe (Chrono Boost)  
  95  6:27  Probe x2 (Chrono Boost), Charge, Protoss Ground Weapons Level 1  
  97  6:33  Probe (Chrono Boost)  
  97  6:35  Probe x2 (Chrono Boost)  
  97  6:38  Assimilator, Probe (Chrono Boost)  
  97  6:39  Assimilator  
  100  6:44  Probe x2  
  100  6:45  Templar Archives  
  101  6:49  Probe  
  101  6:57  Immortal (Chrono Boost)  
  102  7:02  Probe x3  
  105  7:11  Gateway, Pylon  
  105  7:14  Gateway  
  105  7:15  Zealot  
  107  7:20  Probe x3  
  110  7:26  High Templar  
  110  7:27  Immortal (Chrono Boost), High Templar x3  
  110  7:28  Zealot  
  124  7:32  Pylon  
  124  7:33  Pylon, Archon x2  
  124  7:42  Nexus  
  120  7:46  Gateway  
  120  7:49  Gateway  
  120  7:57  Immortal (Chrono Boost)  
  117  8:04  Zealot  
  117  8:05  Zealot x4  
  131  8:08  Zealot  
  131  8:09  Zealot  
  131  8:11  Zealot  
  137  8:15  Blink (Chrono Boost)  
  120  8:29  Probe x3  
  120  8:32  Warp Prism (Chrono Boost)  
  125  8:39  Zealot x3, High Templar x4  
  125  8:40  Zealot  
  135  8:41  Probe  
  135  8:45  Probe x2  
  135  8:46  Archon  
  135  8:47  Archon  
  138  8:53  Probe  
  137  8:57  Protoss Ground Weapons Level 2 (Chrono Boost)  
  137  8:58  Warp Prism (Chrono Boost)  
  138  9:04  Probe  
  138  9:05  Probe x2  
  138  9:06  High Templar  
  138  9:07  High Templar x2  
  138  9:09  Photon Cannon  
  147  9:10  High Templar  
  147  9:14  Photon Cannon  
  147  9:16  Photon Cannon  
  147  9:17  Probe, Archon  
  150  9:18  Archon  
  150  9:22  Zealot x2  
  150  9:23  Zealot  
  154  9:36  Zealot, High Templar x2  
  133  9:48  Stalker x5  
  133  9:49  Stalker  
  138  9:52  Probe  
  138  9:53  Probe x3  
  137  10:05  Probe  
  138  10:10  Zealot x4  
  138  10:13  Probe x3  
  147  10:17  Probe  
  148  10:22  Zealot x3, High Templar x2  
  148  10:25  Archon  
  156  10:28  Probe  
  156  10:29  Probe x3  
  156  10:31  Archon  
  152  10:39  Immortal (Chrono Boost)  
  152  10:41  Probe  
  157  10:50  High Templar x2  
  157  10:51  Zealot  
  157  10:55  Archon  
  163  10:58  Pylon  
  163  11:00  Pylon  
  163  11:03  Pylon  
  159  11:05  Pylon  
  158  11:16  Protoss Ground Armor Level 1  
  158  11:19  Pylon x2  
  158  11:29  High Templar  
  158  11:30  Zealot x8, High Templar  
  176  11:34  Archon  
  135  12:04  Stalker x3, High Templar x2  
  135  12:05  Zealot x5  
  151  12:10  Nexus, Archon  
  116  12:33  Stalker x3  
  116  12:34  Stalker x3  
  114  12:57  Zealot x4, High Templar x2  
  114  12:58  Zealot x2  
  130  13:02  Archon  
  130  13:06  Stalker  
  130  13:10  Stalker  
  126  13:26  Stalker  
  126  13:27  Stalker x2  
Show
View Real Time Build Order
Export as new Build Order

Reynor Zerg - Winner!

Build Orders: Hatch First, Swarm Host 

Get SALT Encoding   

  12  0:00  Drone  
  13  0:12  Overlord  
  13  0:16  Drone  
  14  0:30  Drone x2  
  16  0:47  Hatchery  
  15  0:51  Drone  
  15  0:54  Drone  
  17  0:57  Drone  
  18  1:09  Extractor  
  17  1:13  Spawning Pool  
  17  1:16  Drone  
  17  1:20  Drone  
  18  1:28  Drone  
  19  1:40  Drone  
  20  1:49  Overlord  
  20  2:01  Zergling x4, Queen x2  
  26  2:10  Drone x2  
  28  2:21  Drone x2  
  30  2:29  Metabolic Boost  
  30  2:34  Hatchery  
  30  2:36  Drone  
  30  2:40  Drone  
  31  2:45  Drone  
  31  2:47  Overlord  
  32  2:53  Zergling x2  
  32  2:54  Drone  
  34  2:59  Queen  
  34  3:05  Drone x2  
  37  3:10  Drone x2  
  37  3:11  Drone  
  40  3:15  Overlord  
  40  3:17  Drone  
  40  3:19  Drone  
  42  3:21  Drone  
  43  3:33  Zergling x4  
  43  3:34  Zergling x2  
  46  3:35  Queen  
  46  3:37  Queen  
  46  3:39  Drone  
  51  3:41  Spore Crawler  
  51  3:47  Drone x4  
  54  3:51  Spore Crawler, Drone  
  54  3:54  Drone  
  55  3:59  Zergling x2  
  55  4:01  Drone  
  57  4:04  Spore Crawler  
  57  4:05  Drone  
  57  4:09  Overlord  
  57  4:14  Overlord  
  57  4:17  Overlord  
  57  4:21  Drone  
  57  4:24  Overlord, Lair  
  57  4:28  Drone x3  
  57  4:29  Roach Warren  
  57  4:30  Extractor  
  58  4:31  Drone, Extractor  
  58  4:34  Drone  
  58  4:36  Drone  
  60  4:39  Zergling x2  
  60  4:41  Queen  
  60  4:43  Drone x2  
  65  4:47  Drone x2  
  65  4:52  Drone x3  
  70  4:55  Zergling x6  
  70  4:59  Drone x2  
  75  5:01  Overlord  
  75  5:03  Drone x2  
  77  5:11  Overlord  
  77  5:13  Extractor  
  78  5:18  Roach x4  
  78  5:20  Drone  
  78  5:21  Roach  
  88  5:26  Drone x4  
  88  5:27  Drone  
  89  5:29  Drone  
  89  5:30  Drone  
  89  5:32  Drone  
  89  5:34  Roach  
  93  5:38  Drone x2  
  93  5:42  Roach  
  93  5:44  Extractor, Roach x3  
  93  5:48  Overlord  
  98  5:51  Drone x4  
  98  5:54  Ravager  
  98  5:56  Extractor  
  100  5:58  Drone  
  100  5:59  Drone  
  100  6:03  Drone x3  
  100  6:04  Infestation Pit  
  100  6:05  Drone  
  100  6:08  Glial Reconstitution  
  100  6:10  Drone  
  101  6:12  Drone  
  101  6:14  Drone  
  101  6:17  Drone  
  101  6:18  Drone x2  
  105  6:24  Evolution Chamber  
  105  6:25  Drone x3  
  107  6:27  Hatchery  
  107  6:28  Overlord  
  106  6:36  Overlord  
  106  6:40  Swarm Host x2  
  106  6:42  Overlord  
  106  6:46  Overlord  
  112  6:47  Swarm Host  
  112  6:48  Swarm Host x2  
  112  6:50  Overlord  
  118  6:54  Drone x6  
  118  6:56  Drone  
  118  6:58  Swarm Host x3  
  118  7:00  Drone x2  
  128  7:05  Zerg Missile Weapons Level 1  
  128  7:08  Drone, Nydus Network  
  128  7:10  Drone  
  129  7:17  Swarm Host  
  129  7:19  Overlord  
  129  7:20  Swarm Host  
  135  7:25  Roach x2  
  135  7:26  Roach x2  
  135  7:27  Drone x3  
  135  7:28  Unknown  
  145  7:31  Overlord  
  145  7:32  Roach x2  
  145  7:36  Drone  
  148  7:37  Spore Crawler  
  148  7:38  Spore Crawler, Drone  
  148  7:39  Drone  
  148  7:41  Spore Crawler  
  149  7:49  Nydus Canal  
  149  7:50  Roach x4  
  157  7:52  Ravager x2  
  157  7:54  Drone x3  
  159  7:59  Roach x3  
  159  8:00  Roach x3  
  159  8:01  Overlord  
  170  8:10  Nydus Canal  
  170  8:12  Ravager x2  
  171  8:14  Overlord  
  171  8:16  Roach x2  
  171  8:19  Overlord  
  175  8:21  Roach x4  
  183  8:35  Nydus Canal  
  183  8:38  Roach x2  
  183  8:39  Roach x5  
  183  8:40  Roach  
  183  8:41  Roach x4  
  200  8:43  Overlord  
  189  8:51  Nydus Canal  
  189  8:52  Swarm Host x5  
  189  8:55  Roach x2  
  196  8:58  Roach x2, Zergling x2  
  195  9:04  Nydus Canal  
  195  9:05  Roach x3  
  195  9:06  Pneumatized Carapace  
  195  9:09  Overseer  
  198  9:12  Zergling x2  
  199  9:20  Zerg Missile Weapons Level 2  
  199  9:21  Nydus Canal  
  197  9:33  Roach x5  
  194  9:44  Nydus Canal  
  192  9:47  Zergling x16  
  192  9:50  Spire  
  191  10:00  Roach x4  
  191  10:02  Nydus Canal  
  191  10:05  Ravager x2  
  197  10:12  Ravager x3  
  197  10:14  Roach, Zergling x2  
  199  10:16  Nydus Canal  
  199  10:17  Spine Crawler  
  199  10:18  Spine Crawler x2  
  195  10:28  Ravager  
  195  10:29  Hive  
  195  10:30  Roach x3  
  195  10:31  Nydus Canal  
  195  10:34  Hatchery  
  196  10:36  Drone x4  
  200  10:45  Nydus Canal  
  200  11:03  Spine Crawler  
  197  11:04  Spine Crawler  
  197  11:06  Nydus Canal  
  197  11:09  Ravager x3  
  199  11:15  Overlord x2  
  199  11:18  Overlord  
  199  11:19  Spine Crawler  
  199  11:20  Spine Crawler  
  195  11:28  Overlord  
  194  11:35  Ravager x3  
  194  11:38  Roach  
  198  11:41  Roach, Zergling x8  
  198  11:43  Roach  
  191  11:49  Roach  
  191  11:50  Roach x7  
  191  11:52  Nydus Canal  
  194  11:54  Roach x2, Zergling x6  
  194  11:57  Zergling x20  
  194  11:59  Roach x5  
  199  12:02  Overseer  
  199  12:04  Zergling x2  
  193  12:08  Roach x2  
  193  12:09  Roach x2  
  193  12:11  Roach  
  188  12:16  Roach x8  
  188  12:21  Roach x6  
  194  12:27  Roach  
  187  12:30  Roach  
  187  12:31  Roach  
  187  12:34  Greater Spire  
  184  12:38  Roach x5  
  184  12:40  Roach x2  
  184  12:41  Roach  
  194  12:58  Drone, Hatchery, Queen  
  193  12:59  Drone x2  
  193  13:00  Ravager  
  193  13:03  Spore Crawler  
  193  13:05  Spore Crawler x2  
  197  13:07  Evolution Chamber  
  171  13:24  Viper  
  171  13:25  Viper x2  
  180  13:27  Drone  
  180  13:28  Drone x11  
  189  13:36  Roach x3  
  185  13:41  Roach  
Tags
 
Add a new tag
Caveats
  • Supply blocks, unpowered buildings, or Contaminate may cause inaccurate times.
  • Supply counts are checked every 10 seconds.